 Dungeon Crawl Stone Soup version 0.31-a0-246-g8cbcc1cb85 (webtiles) character file.

Game seed: 3255312504753817243

32 qw the Shooter (level 3, -1/29 HPs)
             Began as a Minotaur Hexslinger on July 12, 2023.
             Slain by a kobold
             ... wielding a +0 whip
              (3 damage)
             ... on level 2 of the Dungeon.
             The game lasted 00:00:15 (555 turns).

qw the Shooter (Minotaur Hexslinger)                 Turns: 555, Time: 00:00:15

Health: -1/29      AC:  5    Str:  9 (12) XL:     3   Next: 10%
Magic:  3/3        EV: 10    Int:  7 (10) God:
Gold:   47         SH:  0    Dex: 11 (14) Spells: 3/4 levels left

rFire   . . .        a - +1 sling
rCold   . . .        (no shield)
rNeg    . . .        e - +0 ring mail
rPois   .            (helmet restricted)
rElec   .            (no cloak)
rCorr   .            (no gloves)
SInv    .            (no boots)
Will    .....        (no amulet)
Stlth   +            (no ring)
HPRegen 0.24/turn    (no ring)
MPRegen 0.08/turn

%: no passive effects
@: no status effects
A: horns 2, retaliatory headbutt
a: no special abilities


You were on level 2 of the Dungeon.
You visited 1 branch of the dungeon, and saw 2 of its levels.

You collected 47 gold pieces.


Innate Abilities, Weirdness & Mutations

You have a pair of horns on your head.
You reflexively headbutt those who attack you in melee.


   Skills:
 - Level 2.0 Fighting
 + Level 3.7 Ranged Weapons
 - Level 2.1 Dodging
 - Level 1.0 Spellcasting
 - Level 2.0 Hexes


You had 3 spell levels left.
You knew the following spells:

 Your Spells              Type           Power      Damage    Failure   Level
a - Slow                  Hex            12%        N/A       45%         1

Your spell library contained the following spells:

 Spells                   Type           Power      Damage    Failure   Level
 Inner Flame              Hex/Fire       1%         N/A       93%         3
 Portal Projectile        Hex/Tloc       2%         N/A       93%         3
 Cause Fear               Hex            1%         N/A       99%         4

Inventory:

Hand Weapons
 a - a +1 sling (weapon)
Armour
 e - a +0 ring mail (worn)
Potions
 d - a potion of invisibility {unknown}
 f - a potion of attraction {unknown}
 g - a potion of magic {unknown}
 h - a potion of ambrosia {unknown}

Dungeon Overview and Level Annotations

Branches:
Dungeon (2/15)

Altars:

Shops:
D:1 *


Message History

You shoot a sling bullet. The sling bullet hits the worm.
The worm is heavily wounded.
The adder misses you. The kobold barely misses you. The worm bites you.
The adder closely misses you. You furiously retaliate!
You headbutt the adder. You shoot a sling bullet.
The sling bullet closely misses the adder.
The kobold closely misses you. The adder bites you.
The worm closely misses you.
You shoot a sling bullet.
The sling bullet closely misses the adder.
The adder bites you.
You are poisoned.
The adder poisons you! The kobold hits you but does no damage.
The adder bites you but does no damage. The kobold hits you but does no damage.
The worm bites you!
You shoot a sling bullet.
The sling bullet barely misses the adder.
You feel sick. The adder bites you but does no damage.
The kobold hits you but does no damage. The adder barely misses you.
You furiously retaliate!
You headbutt the adder. You shoot a sling bullet.
The sling bullet hits the adder.
You kill the adder!
You feel sick. The kobold hits you but does no damage. The worm misses you.
You have reached level 3!
Your experience leads to an increase in your attributes!
Your base attributes are Str 12, Int 10, Dex 12.
Increase (S)trength, (I)ntelligence, or (D)exterity?
You feel agile. x2
You shoot a sling bullet. The sling bullet hits the worm.
The worm is heavily wounded.
You feel sick.
You are no longer poisoned.
The kobold hits you with a +0 whip. The worm barely misses you.
The kobold hits you but does no damage.
You shoot a sling bullet. The sling bullet hits the worm.
The worm is heavily wounded.
The kobold closely misses you. The worm bites you but does no damage.
You shoot a sling bullet. The sling bullet hits the worm.
The worm is severely wounded.
The kobold hits you with a +0 whip.
You die...

.?.. ... #
... .# ..
..# #.###
...#
##...##....#
#....w......
##@##.#+#
#<.K....#
##.#..###
...>.#
####....
.#### . #.
..


You could see a worm and a kobold.

Vanquished Creatures
  An adder (D:2)
  A dart slug (D:1)
  3 endoplasms (D:1)
  A giant cockroach (D:1)
  3 goblins (D:1)
  A hobgoblin (D:1)
  3 kobolds (D:1)
  A quokka (D:1)
  3 ball pythons (D:1)
  A bat (D:1)
  2 frilled lizards (D:1)
  A rat (D:1)
21 creatures vanquished.

Notes
Turn   | Place    | Note
-------+----------+-------------------------------------------
     0 | D:1      | qw the Minotaur Hexslinger began the quest for the Orb.
     0 | D:1      | Reached XP level 1. HP: 16/16 MP: 1/1
     0 | D:1      | 0 ||| qw: Version: 0.3-a-52-g30416fa
     0 | D:1      | 0 ||| qw: Game counter: 6427
     0 | D:1      | 0 ||| qw: Melee chars always use a shield: true
     0 | D:1      | 0 ||| qw: God list: Okawaru
     0 | D:1      | 0 ||| qw: Allow faded altars: false
     0 | D:1      | 0 ||| qw: Do Orc after clearing Dungeon:15 true
     0 | D:1      | 0 ||| qw: Do second Lair branch before Depths: true
     0 | D:1      | 0 ||| qw: Lair rune preference: random
     0 | D:1      | 0 ||| qw: Goals: Normal
     0 | D:1      | 0 ||| PLANNING D:1-11
    40 | D:1      | Found Puatyaq's Assorted Antiques.
    53 | D:1      | 53 ||| SHOPLISTING fuming silvery potion (27 gold, have
                  | 22).
    53 | D:1      | 53 ||| SHOPLISTING glowing shortbow (180 gold, have 22).
    53 | D:1      | 53 ||| SHOPLISTING scroll labelled HAODWI FI HEI (30 gold,
                  | have 22).
    53 | D:1      | 53 ||| SHOPLISTING scroll labelled JURHOH DELA (30 gold,
                  | have 22).
    53 | D:1      | 53 ||| SHOPLISTING white potion (27 gold, have 22).
   153 | D:1      | Reached skill level 3 in Ranged Weapons
   155 | D:1      | Reached XP level 2. HP: 17/23 MP: 2/2
   519 | D:1      | 519 ||| UPGRADING to +0 ring mail.
   529 | D:1      | 529 ||| DROPPING +0 robe.
   530 | D:1      | 530 ||| DRINKING 2 white potions.
   531 | D:1      | 531 ||| DROPPING scroll of poison.
   532 | D:1      | 532 ||| DROPPING potion of degeneration.
   550 | D:2      | HP: 6/24 [worm (8)]
   553 | D:2      | Reached XP level 3. HP: 5/29 MP: 3/3
   553 | D:2      | HP: 1/29 [kobold/+0 whip (3)]
   555 | D:2      | Slain by a kobold

Levels and vault maps discovered:
D:1:      lordsloth_arrival_two_stooges, layout_rooms, serial_shops,
          nicolae_shop_crystal, minmay_misc_feat_five,
          chequers_serial_rivers_micro_a
D:2:      layout_basic, minmay_cut_off, uniq_jessica

Skill      XL: |  1  2 |
---------------+-------+-----
Ranged Weapons | 3 |  3.7
Fighting       | 2 |  2.0
Dodging        | |  2.1
Spellcasting   | |  1.0
Hexes          | |  2.0

Action                     || total
---------------------------++-------
   Fire: Sling             ||    61
    Use: Potion            ||     1
 Armour: Robe              ||     1
         Ring mail         ||    10
  Dodge: Dodged            ||    23

Table legend:
 A = Non-vault XP
 B = Vault XP
 C = Vault XP percentage of total XP
 D = Non-vault monster count
 E = Vault monster count
 F = Vault count percentage of total count
                 A         B        C        D         E       F
            +---------+---------+-------+---------+---------+-------
      Total |      47 |       0 |   0.0 |      21 |       0 |   0.0
            +---------+---------+-------+---------+---------+-------
        D:1 |      34 |       0 |   0.0 |      20 |       0 |   0.0
        D:2 |      13 |       0 |   0.0 |       1 |       0 |   0.0
            +---------+---------+-------+---------+---------+-------
